EL
SAN JOSE GIANTS @ TENNESSEE SMOKIES
09/03/2047
 
TOP OF THE 1ST
San Jose Giants batting - Pitching for Tennessee Smokies : LHP Jose Urena
Pitching: LHP Jose Urena
Batting: LHB J.P. Olson 0-0: Foul Ball, location: 2F
0-1: Ball
1-1: Swinging Strike
1-2: Strikes out swinging
Batting: RHB Dave Crouch 0-0: Called Strike
0-1: Ball
1-1: Swinging Strike
1-2: Ground out 5-3 (Groundball, 15, EV 90.0 MPH)
Batting: RHB Mike Buchanan 0-0: Called Strike
0-1: Ball
1-1: Ball
2-1: Swinging Strike
2-2: Fly out, F5 (Popup, 25F, EV 88.8 MPH)
Top of the 1st over - 0 runs, 0 hits, 0 errors, 0 left on base; San Jose 0 - Tennessee 0
BOTTOM OF THE 1ST
Tennessee Smokies batting - Pitching for San Jose Giants : RHP Pat Wiggins
Pitching: RHP Pat Wiggins
Batting: RHB Puluke Konane 0-0: Ball
1-0: Ball
2-0: Ball
3-0: Called Strike
3-1: Fly out, F8 (Flyball, 8RXD, EV 97.5 MPH)
Batting: LHB Kwang-chih Men 0-0: Ball
1-0: Ball
2-0: Called Strike
2-1: Ball
3-1: Base on Balls
Batting: SHB Gabriel Cruz 0-0: Ball
1-0: Ball
2-0: Ball
3-0: Called Strike
3-1: Base on Balls
Kwang-chih Men to second
Batting: SHB Nick Chandler 0-0: Swinging Strike
0-1: Swinging Strike
0-2: Strikes out looking
Batting: RHB Brad Santanello 0-0: Called Strike
0-1: Ball
1-1: Foul Ball, location: 2F
1-2: Fly out, F8 (Flyball, 8RXD, EV 110.6 MPH)
Bottom of the 1st over - 0 runs, 0 hits, 0 errors, 2 left on base; San Jose 0 - Tennessee 0
TOP OF THE 2ND
San Jose Giants batting - Pitching for Tennessee Smokies : LHP Jose Urena
Batting: RHB Cesar Martinez 0-0: Ground out 5-3 (Groundball, 5L, EV 88.1 MPH)
Batting: RHB Nick Wicker 0-0: Ball
1-0: Ball
2-0: Foul Ball, location: 2F
2-1: Ground out 4-3 (Groundball, 4MS, EV 84.4 MPH)
Batting: SHB David Barona 0-0: Called Strike
0-1: Foul Ball, location: 2F
0-2: Foul Ball, location: 2F
0-2: Ball
1-2: Ball
2-2: SINGLE (Line Drive, 9LM, EV 104.4 MPH)
Batting: RHB Dinand Brouwer 0-0: Ball
David Barona is caught stealing 2nd base 2-4
Top of the 2nd over - 0 runs, 1 hit, 0 errors, 0 left on base; San Jose 0 - Tennessee 0
BOTTOM OF THE 2ND
Tennessee Smokies batting - Pitching for San Jose Giants : RHP Pat Wiggins
Batting: LHB Wing-tat Tai 0-0: Ball
1-0: Ball
2-0: Called Strike
2-1: Foul Ball, location: 2F
2-2: SINGLE (Groundball, 25, EV 61.9 MPH) (infield hit)
Batting: RHB Jonathan Sotelo 0-0: Called Strike
0-1: Ball
1-1: Foul Ball, location: 2F
1-2: Strikes out looking
Batting: RHB Andy Huntley 0-0: Ball
1-0: Called Strike
Wing-tat Tai is caught stealing 2nd base 2-4
1-1: Ground out 4-3 (Groundball, 4, EV 109.4 MPH)
Bottom of the 2nd over - 0 runs, 1 hit, 0 errors, 0 left on base; San Jose 0 - Tennessee 0
TOP OF THE 3RD
San Jose Giants batting - Pitching for Tennessee Smokies : LHP Jose Urena
Batting: RHB Dinand Brouwer 0-0: Ball
1-0: Ball
2-0: Fly out, F6 (Popup, 15S, EV 90.0 MPH)
Batting: RHB Josh Lippens 0-0: Foul Ball, location: 2F
0-1: Called Strike
0-2: Ball
1-2: DOUBLE (Line Drive, 8RXD, EV 104.4 MPH)
Batting: RHB Micah McErlean 0-0: Ball
1-0: SINGLE (Line Drive, 78S, EV 103.1 MPH)
Josh Lippens to third
Runner from 3rd tries for Home, SAFE, throw by LF to home
Batting: LHB J.P. Olson 0-0: Called Strike
0-1: Ball
1-1: Ball
2-1: Swinging Strike
2-2: Strikes out swinging
Batting: RHB Dave Crouch 0-0: SINGLE (Line Drive, 34D, EV 98.8 MPH)
Micah McErlean to second
Runner from 2nd tries for 3rd, SAFE, no throw by RF
Batting: RHB Mike Buchanan 0-0: Ball
1-0: Called Strike
1-1: Swinging Strike
1-2: Strikes out swinging
Top of the 3rd over - 1 run, 3 hits, 0 errors, 2 left on base; San Jose 1 - Tennessee 0
BOTTOM OF THE 3RD
Tennessee Smokies batting - Pitching for San Jose Giants : RHP Pat Wiggins
Batting: LHB Adam Conover 0-0: Ball
1-0: Ball
2-0: Called Strike
2-1: Called Strike
2-2: Ball
3-2: Strikes out swinging
Batting: RHB Puluke Konane 0-0: Called Strike
0-1: Ball
1-1: Ball
2-1: Ball
3-1: Base on Balls
Batting: LHB Kwang-chih Men 0-0: Called Strike
0-1: DOUBLE (Line Drive, 78M, EV 111.2 MPH)
Puluke Konane to third
Runner from 3rd tries for Home, SAFE, no throw by CF
Batting: SHB Gabriel Cruz 0-0: Swinging Strike
0-1: Swinging Strike
0-2: Ball
1-2: Strikes out swinging
Batting: SHB Nick Chandler 0-0: Ball
1-0: Foul Ball, location: 2F
1-1: Swinging Strike
1-2: Strikes out swinging
Bottom of the 3rd over - 1 run, 1 hit, 0 errors, 1 left on base; San Jose 1 - Tennessee 1
TOP OF THE 4TH
San Jose Giants batting - Pitching for Tennessee Smokies : LHP Jose Urena
Batting: RHB Cesar Martinez 0-0: Foul Ball, location: 2F
0-1: Ball
1-1: Ball
2-1: Foul Ball, location: 2F
2-2: Strikes out swinging
Batting: RHB Nick Wicker 0-0: Called Strike
0-1: Ball
1-1: Called Strike
1-2: Fly out, F9 (Line Drive, 89M, EV 90.6 MPH)
Batting: SHB David Barona 0-0: Called Strike
0-1: Ball
1-1: Foul Ball, location: 2F
1-2: Ground out 1-3 (Groundball, 34S, EV 71.2 MPH)
Top of the 4th over - 0 runs, 0 hits, 0 errors, 0 left on base; San Jose 1 - Tennessee 1
BOTTOM OF THE 4TH
Tennessee Smokies batting - Pitching for San Jose Giants : RHP Pat Wiggins
Batting: RHB Brad Santanello 0-0: Ball
1-0: Fly out, F9 (Flyball, 9D, EV 86.2 MPH)
Batting: LHB Wing-tat Tai 0-0: Ball
1-0: Ball
2-0: Called Strike
2-1: SINGLE (Groundball, 4M, EV 95.0 MPH) (infield hit)
Batting: RHB Jonathan Sotelo 0-0: Ball
1-0: SINGLE (Groundball, 34S, EV 85.6 MPH) (infield hit)
Wing-tat Tai to second
Batting: RHB Andy Huntley 0-0: Swinging Strike
0-1: Ball
1-1: Swinging Strike
1-2: Foul Ball, location: 2F
1-2: Foul Ball, location: 2F
1-2: Foul Ball, location: 2F
1-2: Ball
2-2: Ball
3-2: Base on Balls
Wing-tat Tai to third
Jonathan Sotelo to second
Batting: LHB Adam Conover 0-0: Ball
1-0: Called Strike
1-1: Called Strike
1-2: Strikes out swinging
Batting: RHB Puluke Konane 0-0: Ball
1-0: Fielders Choice at 2nd, 5-4 (Groundball, 5L, EV 91.2 MPH)
Bottom of the 4th over - 0 runs, 2 hits, 0 errors, 3 left on base; San Jose 1 - Tennessee 1
TOP OF THE 5TH
San Jose Giants batting - Pitching for Tennessee Smokies : LHP Jose Urena
Batting: RHB Dinand Brouwer 0-0: Ball
1-0: Ball
2-0: Called Strike
2-1: Swinging Strike
2-2: Foul Ball, location: 2F
2-2: Fly out, F7 (Flyball, 7, EV 94.4 MPH)
Batting: RHB Josh Lippens 0-0: Foul Ball, location: 2F
0-1: Ball
1-1: SINGLE (Groundball, 4MD, EV 93.8 MPH)
Batting: RHB Micah McErlean 0-0: Ball
Wild Pitch!
Josh Lippens to second
1-0: Foul Ball, location: 2F
1-1: Ball
2-1: Foul Ball, location: 2F
2-2: Strikes out swinging
Batting: LHB J.P. Olson 0-0: Called Strike
0-1: Called Strike
0-2: Foul Ball, location: 2F
0-2: Ball
1-2: Foul Ball, location: 2F
1-2: Ball
2-2: Fly out, F5 (Popup, 15, EV 75.6 MPH)
Top of the 5th over - 0 runs, 1 hit, 0 errors, 1 left on base; San Jose 1 - Tennessee 1
BOTTOM OF THE 5TH
Tennessee Smokies batting - Pitching for San Jose Giants : RHP Pat Wiggins
Batting: LHB Kwang-chih Men 0-0: Ball
1-0: Ball
2-0: Fly out, F9 (Flyball, 9LM, EV 102.5 MPH)
Batting: SHB Gabriel Cruz 0-0: Ball
1-0: Foul Ball, location: 2F
1-1: Ball
2-1: Ball
3-1: Base on Balls
Batting: SHB Nick Chandler 0-0: Hit by Pitch
Gabriel Cruz to second
Batting: RHB Brad Santanello 0-0: Ball
1-0: Fly out, F6 (Line Drive, 6, EV 71.9 MPH)
Batting: LHB Wing-tat Tai 0-0: Foul Ball, location: 2F
0-1: Fly out, F8 (Flyball, 8RXD, EV 92.5 MPH)
Bottom of the 5th over - 0 runs, 0 hits, 0 errors, 2 left on base; San Jose 1 - Tennessee 1
TOP OF THE 6TH
San Jose Giants batting - Pitching for Tennessee Smokies : LHP Jose Urena
Batting: RHB Dave Crouch 0-0: Ball
1-0: SINGLE (Groundball, 56D, EV 101.2 MPH)
Batting: RHB Mike Buchanan 0-0: Called Strike
0-1: Ball
1-1: Called Strike
1-2: Ball
2-2: DOUBLE (Groundball, 5L, EV 100.6 MPH)
Dave Crouch to third
Batting: RHB Cesar Martinez 0-0: SINGLE (Line Drive, 6D, EV 103.1 MPH)
Dave Crouch scores
Mike Buchanan to third
Batting: RHB Nick Wicker 0-0: Called Strike
0-1: Ball
1-1: Ball
2-1: Ball
3-1: Fielders Choice at 2nd, 4-6 (Groundball, 4, EV 90.0 MPH)
Mike Buchanan scores
Pitching: RHP Gavrel Godziashvili
Batting: SHB David Barona 0-0: Ball
Nick Wicker steals 2nd base
1-0: Ground out 4-3 (Groundball, 4, EV 76.9 MPH)
Nick Wicker to third
Batting: RHB Dinand Brouwer 0-0: SINGLE (Groundball, 6D, EV 100.0 MPH)
Nick Wicker scores
Batting: RHB Josh Lippens 0-0: Called Strike
0-1: Called Strike
0-2: Ball
1-2: Foul Ball, location: 2F
1-2: Ball
2-2: Strikes out swinging
Top of the 6th over - 3 runs, 4 hits, 0 errors, 1 left on base; San Jose 4 - Tennessee 1
BOTTOM OF THE 6TH
Tennessee Smokies batting - Pitching for San Jose Giants : RHP Pat Wiggins
Pitching: RHP Micah Teller
Batting: RHB Jonathan Sotelo 0-0: Foul Ball, location: 2F
0-1: SINGLE (Groundball, 6MS, EV 74.4 MPH) (infield hit)
Batting: RHB Andy Huntley 0-0: Ball
1-0: Called Strike
1-1: Ball
2-1: Foul Ball, location: 2F
2-2: Foul Ball, location: 2F
2-2: Ball
3-2: Foul Ball, location: 2F
3-2: Foul Ball, location: 2F
3-2: Fielders Choice at 2nd, 5-4 (Groundball, 5, EV 88.8 MPH)
Batting: LHB Adam Conover 0-0: Ball
1-0: Fielders Choice at 2nd, 4-6 (Groundball, 34, EV 86.2 MPH)
Batting: RHB Puluke Konane 0-0: Swinging Strike
0-1: Reached on error, E6 (Groundball, 6, EV 91.9 MPH)
Adam Conover to second
Batting: LHB Kwang-chih Men 0-0: Ball
1-0: Fly out, F9 (Flyball, 89M, EV 90.6 MPH)
Bottom of the 6th over - 0 runs, 1 hit, 1 error, 2 left on base; San Jose 4 - Tennessee 1
TOP OF THE 7TH
San Jose Giants batting - Pitching for Tennessee Smokies : RHP Gavrel Godziashvili
Batting: RHB Micah McErlean 0-0: Ball
1-0: Ground out 6-3 (Groundball, 6S, EV 91.9 MPH)
Batting: LHB J.P. Olson 0-0: Called Strike
0-1: Called Strike
0-2: Ball
1-2: Ball
2-2: Foul Ball, location: 2F
2-2: Ball
3-2: Foul Ball, location: 2F
3-2: Foul Ball, location: 2F
3-2: Foul Ball, location: 2F
3-2: Fly out, F8 (Flyball, 8RXD, EV 98.1 MPH)
Batting: RHB Dave Crouch 0-0: Ball
1-0: Foul Ball, location: 2F
1-1: Foul Ball, location: 2F
1-2: Foul Ball, location: 2F
1-2: Strikes out swinging
Top of the 7th over - 0 runs, 0 hits, 0 errors, 0 left on base; San Jose 4 - Tennessee 1
BOTTOM OF THE 7TH
Tennessee Smokies batting - Pitching for San Jose Giants : RHP Micah Teller
Batting: SHB Gabriel Cruz 0-0: Ball
1-0: Swinging Strike
1-1: Called Strike
1-2: Strikes out swinging
Batting: SHB Nick Chandler 0-0: Swinging Strike
0-1: SOLO HOME RUN (Flyball, 7D, EV 93.8 MPH), Distance : 371 ft
Batting: RHB Brad Santanello 0-0: Fly out, F7 (Flyball, 7LM, EV 105.6 MPH)
Batting: LHB Wing-tat Tai 0-0: Called Strike
0-1: Ground out 6-3 (Groundball, 6, EV 106.9 MPH)
Bottom of the 7th over - 1 run, 1 hit, 0 errors, 0 left on base; San Jose 4 - Tennessee 2
TOP OF THE 8TH
San Jose Giants batting - Pitching for Tennessee Smokies : RHP Gavrel Godziashvili
Pitching: RHP Jose Marrero
Batting: RHB Mike Buchanan 0-0: Ground out 5-3 (Groundball, 56S, EV 85.6 MPH)
Batting: RHB Cesar Martinez 0-0: Fly out, F9 (Flyball, 9D, EV 101.9 MPH)
Batting: RHB Nick Wicker 0-0: Called Strike
0-1: Ball
1-1: DOUBLE (Groundball, 3L, EV 100.0 MPH)
Batting: SHB David Barona 0-0: Ball
1-0: Ball
2-0: Ball
3-0: Base on Balls
Batting: RHB Dinand Brouwer 0-0: SINGLE (Groundball, 6MD, EV 95.6 MPH)
Nick Wicker to third
David Barona to second
Runner from 3rd tries for Home, SAFE, throw by CF to home
Batting: RHB Josh Lippens 0-0: Ball
1-0: Ball
2-0: Ball
3-0: Called Strike
3-1: Base on Balls
David Barona to third
Dinand Brouwer to second
Batting: RHB Micah McErlean 0-0: Ball
1-0: Ball
2-0: Swinging Strike
2-1: Foul Ball, location: 2F
2-2: Strikes out swinging
Top of the 8th over - 1 run, 2 hits, 0 errors, 3 left on base; San Jose 5 - Tennessee 2
BOTTOM OF THE 8TH
Tennessee Smokies batting - Pitching for San Jose Giants : RHP Micah Teller
Pitching: LHP Gil Longoria
Batting: RHB Jonathan Sotelo 0-0: SINGLE (Line Drive, 9S, EV 98.8 MPH)
Batting: RHB Andy Huntley 0-0: Ball
1-0: DOUBLE (Line Drive, 5D, EV 108.8 MPH)
Jonathan Sotelo to third
Pinch Hitting: RHB Ricardo Aguinaga 0-0: Ball
1-0: Foul Ball, location: 2F
1-1: Ball
2-1: Fly out, F4 (Popup, 4M, EV 67.5 MPH)
Batting: RHB Puluke Konane 0-0: Reached on error, E6 (Groundball, 6, EV 88.1 MPH)
Jonathan Sotelo scores
Andy Huntley scores
Batting: LHB Kwang-chih Men 0-0: Ball
1-0: Ball
2-0: Ball
3-0: Called Strike
3-1: Swinging Strike
3-2: Strikes out looking
Batting: SHB Gabriel Cruz 0-0: Ball
1-0: Called Strike
1-1: Ball
2-1: Ball
3-1: Fly out, F8 (Flyball, 89M, EV 93.1 MPH)
Bottom of the 8th over - 2 runs, 2 hits, 1 error, 1 left on base; San Jose 5 - Tennessee 4
TOP OF THE 9TH
San Jose Giants batting - Pitching for Tennessee Smokies : RHP Jose Marrero
Pitching: RHP Jaime Salazar
Now at SS: Eric Wiss
Batting: LHB J.P. Olson 0-0: Ball
1-0: Called Strike
1-1: Ball
2-1: Called Strike
2-2: Ball
3-2: Strikes out swinging
Batting: RHB Dave Crouch 0-0: Ball
1-0: Ball
2-0: Swinging Strike
2-1: Foul Ball, location: 2F
2-2: Strikes out swinging
Batting: RHB Mike Buchanan 0-0: Fly out, F8 (Flyball, 8LM, EV 83.1 MPH)
Top of the 9th over - 0 runs, 0 hits, 0 errors, 0 left on base; San Jose 5 - Tennessee 4
BOTTOM OF THE 9TH
Tennessee Smokies batting - Pitching for San Jose Giants : LHP Gil Longoria
Pitching: LHP Tommy McCusker
Batting: SHB Nick Chandler 0-0: Ball
1-0: Called Strike
1-1: Foul Ball, location: 2F
1-2: Ball
2-2: Strikes out looking
Batting: RHB Brad Santanello 0-0: Fly out, F9 (Flyball, 9D, EV 97.5 MPH)
Pinch Hitting: RHB Jon Aguilar 0-0: Swinging Strike
0-1: Ground out U3 (Groundball, 3L, EV 105.6 MPH)
Bottom of the 9th over - 0 runs, 0 hits, 0 errors, 0 left on base; San Jose 5 - Tennessee 4
Thursday, December 15th , 2022 - OOTP Baseball 23.9 Build 102